 Dungeon Crawl Stone Soup version 0.30-a0-743-gbfdf073431 (webtiles) character file.

Game seed: 2977603792887063742

1507443 ParallaxScroll the Slayer (level 26, 260/260 HPs)
             Began as a Minotaur Fighter on Feb 6, 2023.
             Was the Champion of Elyvilon.
             Escaped with the Orb
             ... and 3 runes on Feb 7, 2023!
             The game lasted 07:12:08 (84737 turns).

ParallaxScroll the Slayer (Minotaur Fighter)       Turns: 84737, Time: 07:12:09

Health: 260/260    AC: 47    Str: 30    XL:     26   Next: 1%
Magic:  35/35      EV: 12    Int: 10    God:    Elyvilon [******]
Gold:   7502       SH: 19    Dex: 14    Spells: 24/25 levels left

rFire   + + .      SeeInvis +    a - +9 broad axe (heavy)
rCold   . . .      Faith    .    m - +3 kite shield "Boleisil" {rF+ SInv}
rNeg    + . .      Spirit   +    e - +6 crystal plate armour {rC+}
rPois   .          Reflect  .    (helmet restricted)
rElec   +          Harm     .    B - +1 cloak of Zin's Benevolence {Fly}
rCorr   +          Rampage  ∞    s - +1 pair of gloves {infuse}
Will    ++...                    n - +3 pair of seven-league boots {Rampage+∞} Stlth
                                 F - amulet of Xom's Whimsicality {Spirit rElec rF+ rCorr Int+3}
HPRegen 0.63/turn                K - ring "Itzajih" {Str+3 Slay+2 SInv Stlth+}
MPRegen 0.24/turn                q - ring "Onoull" {rN+ Will+ Stlth+}

@: flying
A: horns 2, retaliatory headbutt, cold vulnerability 1
0: Orb of Zot
}: 3/15 runes: decaying, silver, gossamer
a: Renounce Religion, Purification, Heal Other, Heal Self, Divine Vigour


You escaped.
You worshipped Elyvilon.
Elyvilon was exalted by your worship.
You visited 11 branches of the dungeon, and saw 51 of its levels.
You visited 1 bazaar.
You also visited: Trove, Gauntlet and Ice Cave.

You collected 10019 gold pieces.
You spent 2517 gold pieces at shops.

Inventory:

Hand Weapons
 a - a +9 heavy broad axe (weapon)
 b - the +1 war axe of Eser {flame, rElec Will+}
   (You found it on level 2 of the Elven Halls)

   rElec:     It insulates you from electricity.
   Will:      It increases your willpower.
 C - a +8 antimagic broad axe
Missiles
 d - 17 boomerangs
 f - 14 silver javelins (quivered)
 P - a throwing net
 W - 17 javelins
 Y - 22 curare-tipped darts
Armour
 e - a +6 crystal plate armour of cold resistance (worn)
 m - the +3 kite shield "Boleisil" (worn) {rF+ SInv}
   (You acquired it on level 4 of the Dungeon)

   rF:        It protects you from fire.
   SInv:      It lets you see invisible.
 n - the +3 pair of seven-league boots (worn) {Rampage+∞}
   (You found it in a treasure trove)

   Rampage+∞: When moving toward enemies, its wearer moves as far as possible.
 s - a +1 pair of gloves of infusion (worn)
 A - the +1 hat of Untold Secrets {+Inv rElec rPois SInv}
   (You found it in a treasure trove)

   rElec:     It insulates you from electricity.
   rPois:     It protects you from poison.
   SInv:      It lets you see invisible.
   +Inv:      It lets you turn invisible.
 B - the +1 cloak of Zin's Benevolence (worn) {Fly}
   (You found it in a Gauntlet)

   Fly:       It grants you flight.
Jewellery
 q - the ring "Onoull" (right hand) {rN+ Will+ Stlth+}
   (You found it on level 3 of the Crypt)

   [ring of positive energy]

   rN:        It protects you from negative energy.
   Will:      It increases your willpower.
   Stlth:     It makes you more stealthy.
 F - the amulet of Xom's Whimsicality (around neck) {Spirit rElec rF+ rCorr Int+3}
   (You took it off an orc priest on level 5 of the Vaults)

   [amulet of guardian spirit]

   It causes incoming damage to be divided between your reserves of health and
   magic.
   Int:       It affects your intelligence (+3).
   rF:        It protects you from fire.
   rElec:     It insulates you from electricity.
   rCorr:     It protects you from acid and corrosion.
 K - the ring "Itzajih" (left hand) {Str+3 Slay+2 SInv Stlth+}
   (You found it on level 3 of the Elven Halls)

   [ring of see invisible]

   Str:       It affects your strength (+3).
   Slay:      It affects your accuracy & damage with ranged weapons and melee
   (+2).
   SInv:      It lets you see invisible.
   Stlth:     It makes you more stealthy.
 L - the amulet "Zyoseuwn" {Reflect Regen+ Int-2 Dex+3 SH+5}
   (You found it on level 3 of the Crypt)

   [amulet of reflection]

   It reflects blocked missile attacks.
   Int:       It affects your intelligence (-2).
   Dex:       It affects your dexterity (+3).
   Regen:     It increases your rate of health regeneration.
   SH:        It affects your SH (+5).
Wands
 j - a wand of polymorph (20)
 l - a wand of charming (27)
 r - a wand of iceblast (57)
 Q - a wand of digging (22)
 S - a wand of light (9)
 Z - a wand of mindburst (10)
Scrolls
 p - 23 scrolls of teleportation
 y - 3 scrolls of butterflies
 z - 3 scrolls of magic mapping
 D - 15 scrolls of fear
 G - 10 scrolls of fog
 I - 9 scrolls of poison
 N - 12 scrolls of blinking
 R - 14 scrolls of immolation
 U - 10 scrolls of vulnerability
 X - 3 scrolls of silence
Potions
 g - 5 potions of berserk rage
 i - 5 potions of magic
 k - 2 potions of cancellation
 t - 10 potions of heal wounds
 u - 4 potions of attraction
 v - 4 potions of resistance
 x - 6 potions of haste
 E - 5 potions of mutation
 H - 25 potions of curing
 M - 9 potions of lignification
 O - 5 potions of might
 T - a potion of invisibility
 V - 7 potions of ambrosia
Miscellaneous
 c - a phantom mirror
 h - a phial of floods
 o - a lightning rod (4/4)
 w - a tin of tremorstones (2/2)
 J - a box of beasts


   Skills:
 + Level 25.9 Fighting
 - Level 19.0 Axes
 - Level 16.0 Throwing
 - Level 25.0 Armour
 - Level 13.0 Dodging
 - Level 22.0 Shields
 - Level 19.0 Invocations
 - Level 19.0 Evocations


You had 24 spell levels left.
You knew the following spells:

 Your Spells              Type           Power      Damage    Failure   Level
a - Freeze                Ice            0%         1d3       96%         1

Your spell library contained the following spells:

 Spells                   Type           Power      Damage    Failure   Level
 Apportation              Tloc           0%         N/A       96%         1
 Beastly Appendage        Tmut           0%         N/A       96%         1
 Foxfire                  Conj/Fire      0%         2x1d4     96%         1
 Kiss of Death            Conj/Necr      0%         2d5       96%         1
 Magic Dart               Conj           0%         1d3       96%         1
 Slow                     Hex            0%         N/A       96%         1
 Call Imp                 Summ           0%         N/A       99%         2
 Cigotuvi's Dreadful Rot  Necr/Pois/Air  0%         N/A       99%         2
 Poisonous Vapours        Pois/Air       0%         N/A       99%         2
 Searing Ray              Conj           0%         2d4       99%         2
 Static Discharge         Conj/Air       0%         2-2/arc   99%         2
 Wereblood                Tmut           0%         N/A       99%         2
 Call Canine Familiar     Summ           0%         N/A       100%        3
 Confusing Touch          Hex            0%         N/A       100%        3
 Dazzling Flash           Conj/Hex       0%         N/A       100%        3
 Frozen Ramparts          Ice            0%         1d1       100%        3
 Gell's Gravitas          Tloc           0%         N/A       100%        3
 Hailstorm                Conj/Ice       0%         3d3       100%        3
 Inner Flame              Hex/Fire       0%         N/A       100%        3
 Kindle Blastsparks       Fire/Tloc/Air  0%         2d10      100%        3
 Mephitic Cloud           Conj/Pois/Air  0%         N/A       100%        3
 Portal Projectile        Hex/Tloc       0%         N/A       100%        3
 Spider Form              Tmut/Pois      0%         N/A       100%        3
 Stone Arrow              Conj/Erth      0%         3d7       100%        3
 Summon Guardian Golem    Hex/Summ       0%         N/A       100%        3
 Teleport Other           Tloc           0%         N/A       100%        3
 Vampiric Draining        Necr           0%         2d6       100%        3
 Vhi's Electric Charge    Tloc/Air       0%         N/A       100%        3
 Airstrike                Air            0%         2d(0-16)  100%        4
 Anguish                  Hex/Necr       0%         N/A       100%        4
 Animate Armour           Summ/Erth      0%         N/A       100%        4
 Cause Fear               Hex            0%         N/A       100%        4
 Dispel Undead            Necr           0%         3d6       100%        4
 Flame Wave               Conj/Fire      0%         2d4       100%        4
 Iskenderun's Mystic Bla  Conj/Tloc      0%         2d3       100%        4
 Leda's Liquefaction      Hex/Erth       0%         N/A       100%        4
 Manifold Assault         Tloc           0%         N/A       100%        4
 Passage of Golubria      Tloc           0%         N/A       100%        4
 Sticky Flame             Conj/Fire      0%         2d3       100%        4
 Summon Ice Beast         Ice/Summ       0%         N/A       100%        4
 Summon Lightning Spire   Summ/Air       0%         N/A       100%        4
 Alistair's Intoxication  Tmut/Pois      0%         N/A       100%        5
 Arcjolt                  Conj/Air       0%         1d10      100%        5
 Blade Hands              Tmut           0%         N/A       100%        5
 Fireball                 Conj/Fire      0%         3d3       100%        5
 Freezing Cloud           Conj/Ice/Air   0%         6-21      100%        5
 Iskenderun's Battlesphe  Conj           0%         2d6       100%        5
 Lightning Bolt           Conj/Air       0%         1d11      100%        5
 Metabolic Englaciation   Hex/Ice        0%         N/A       100%        5
 Silence                  Hex/Air        0%         N/A       100%        5
 Summon Forest            Summ/Tloc      0%         N/A       100%        5
 Summon Mana Viper        Hex/Summ       0%         N/A       100%        5
 Yara's Violent Unravell  Hex/Tmut       0%         3d3       100%        5
 Conjure Ball Lightning   Conj/Air       0%         3x3d6     100%        6
 Dispersal                Tloc           0%         N/A       100%        6
 Iron Shot                Conj/Erth      0%         9d1       100%        6
 Simulacrum               Ice/Necr       0%         N/A       100%        6
 Starburst                Conj/Fire      0%         6d3       100%        6
 Summon Cactus Giant      Summ           0%         N/A       100%        6
 Dragon Form              Tmut           0%         N/A       100%        7
 Enfeeble                 Hex            0%         N/A       100%        7
 Malign Gateway           Summ/Tloc      0%         N/A       100%        7
 Monstrous Menagerie      Summ           0%         N/A       100%        7
 Orb of Destruction       Conj           0%         9d5       100%        7
 Spellforged Servitor     Conj/Summ      0%         N/A       100%        7
 Disjunction              Tloc           0%         N/A       100%        8
 Lehudib's Crystal Spear  Conj/Erth      0%         10d2      100%        8
 Necromutation            Tmut/Necr      0%         N/A       100%        8
 Dragon's Call            Summ           0%         N/A       100%        9
 Fire Storm               Conj/Fire      0%         5d1       100%        9
 Polar Vortex             Ice            0%         N/A       100%        9
 Shatter                  Erth           0%         3d5*      100%        9


Dungeon Overview and Level Annotations

Branches:
Dungeon (15/15)            Temple (1/1) D:6            Lair (5/5) D:8
  Swamp (4/4) Lair:2       Spider (4/4) Lair:3        Slime (0/5) Lair:4
    Orc (2/2) D:11            Elf (3/3) Orc:2        Vaults (5/5) D:13
  Crypt (3/3) Vaults:3       Tomb (0/3) Crypt:3      Depths (4/4) D:15
    Zot (5/5) Depths:4      IceCv (visited)         Gauntlet (visited)

Altars:
Ashenzari
Cheibriados
Dithmenos
Elyvilon
Fedhas
Gozag
Kikubaaqudgha
Makhleb
Nemelex Xobeh
Qazlal
Sif Muna
Trog
Vehumet
Wu Jian
Xom
Yredelemnul
Zin
The Shining One

Shops:
D:3 (   D:10 :   D:15 !   Orc:2 *[:(   Elf:2 :   Vaults:3 !   Vaults:5 ??!

Portals:
Hell: Depths:1 Depths:2 Depths:3 Depths:4
Abyss: Depths:1 Depths:3
Pandemonium: Depths:1 Depths:2 Depths:3 Depths:4
Ziggurat: Depths:1

Annotations:
D:2 1 runed translucent door, Crazy Yiuf
D:4 3 runed translucent doors, AverageBear's ghost, amateur DsFi; RandomusNamus's ghost, amateur MiBr; boo's ghost, amateur MfGl
Lair:3 3 runed translucent doors, Kithraux's ghost, journeyman TrAr
Elf:1 6 runed translucent doors
Crypt:1 vault to dig
Depths:1 exclusions: angel and 2 daevas
Zot:5 1 exclusion


Innate Abilities, Weirdness & Mutations

You have a pair of horns on your head.
You reflexively headbutt those who attack you in melee.
You are vulnerable to cold. (rC-)


Message History

You slice the large abomination like a ripe choko!!!
The large abomination is almost destroyed.
The large abomination hits you!!
You cut the large abomination into ribbons!!!!
You destroy the large abomination!
You have reached level 26!
(D) Dungeon (T) Temple (L) Lair (S) Swamp (N) Spider Nest (M) Slime Pits (O) Orcish Mines (E) Elven Halls (V) Vaults (C) Crypt (W) Tomb (U) Depths (H) Hell (Z) Zot
Where to? (Enter - D:1, ? - help)
You see here a +0 club.
There is a stone staircase leading up here.
You fly upwards.
Level annotation: 1 runed translucent door, Crazy Yiuf
There is a stone staircase leading down here.
There is a stone staircase leading up here.
You fly upwards.
There is a stone staircase leading down here.
Magic restored.
HP restored.
An Orb Guardian comes into view.
The Orb Guardian hits you but does no damage.
You slice the Orb Guardian!! You headbutt the Orb Guardian!
The Orb Guardian is heavily wounded.
The Orb Guardian closely misses you.
You slice the Orb Guardian!!
The Orb Guardian is severely wounded.
The Orb Guardian hits you. The Orb Guardian barely misses you.
You slash the Orb Guardian! You headbutt the Orb Guardian!
You kill the Orb Guardian!
(D) Dungeon (T) Temple (L) Lair (S) Swamp (N) Spider Nest (M) Slime Pits (O) Orcish Mines (E) Elven Halls (V) Vaults (C) Crypt (W) Tomb (U) Depths (H) Hell (Z) Zot
Where to? (Enter - D:1 @ (x,y), ? - help)
There is an open door here.
There is an open door here.
There is a staircase leading out of the dungeon here.
You have escaped!

#....####.#.....#..###....#
####....#....#.######...#....#
.......##.##.#......###.##...#
####..'#..##.######.#...##'..#
#..#..###........#.###.#..####
#.###########.####.#...##.#...
#.######...##'####.#.####.#†##
#.##.....#.'...'.....####.#.#
####.'..#.#####.@.#######..'.#.##
.....####.#...'...'.#.....##.....
.....####.#.####+##...######.#>##
.....##...#.####.###########.#.##
......#.###.#).......###..#..#...
......'##...#.######.##..#'..####
.......##.###......#.##.##...#
........#...######.#....#....#
........###..#.....#.####....#


There were no monsters in sight!

Vanquished Creatures
  2 dread liches (Zot:5)
  8 ancient liches
  Mennas (Depths:4)
  3 orbs of fire (Zot:5)
  Sojobo (Crypt:2)
  3 Killer Klowns
  Boris (Vaults:5)
  Saint Roka (Crypt:3)
  3 curse toes
  11 golden dragons
  the Enchantress (Depths:1)
  3 Brimstone Fiends (Zot:4)
  3 electric golems
  Arachne (Spider:3)
  A Hell Sentinel (D:6)
  An iron giant (Zot:4)
  Jorgrun (Swamp:2)
  25 Orb Guardians
  16 tentacled monstrosities
  A shard shrike skeleton (Crypt:3)
  A titan (Vaults:4)
  2 walking divine tomes (Depths:3)
  3 walking earthen tomes
  Mlioglotl (Swamp:1)
  6 liches
  4 deep elf blademasters (Elf:3)
  4 deep elf master archers (Elf:3)
  5 quicksilver dragons
  4 death cobs
  A sphinx (shapeshifter) (Vaults:4)
  A sphinx (Vaults:5)
  Frances (D:12)
  8 tengu reavers
  7 ancient champions
  Agnes (Elf:1)
  13 draconian monks
  11 shadow dragons
  15 storm dragons
  2 azure jellies (IceCv)
  8 fire giants
  3 draconian knights
  Donald (Swamp:1)
  Aizul (Spider:4)
  A demonspawn warmonger (Zot:5)
  A rockslime (IceCv)
  7 deep elf sorcerers
  6 revenants
  Louise (Spider:4)
  3 iron dragons
  3 draconian scorchers
  9 frost giants
  9 vault wardens
  2 emperor scorpions
  A draconian shifter (Zot:3)
  2 deep elf elementalists
  5 ghost moths
  2 balrugs
  6 spriggan defenders
  14 very ugly things
  2 war gargoyles
  A reaper (Crypt:2)
  7 ghouls
  3 orc warlords
  3 draconian stormcallers
  7 broodmothers
  A demonspawn corrupter (Zot:5)
  2 draconian annihilators
  10 ironbound preservers
  A juggernaut skeleton (Crypt:3)
  10 vampire knights
  6 ironbound thunderhulks
  8 quicksilver oozes (IceCv)
  22 stone giants
  3 deep elf demonologists
  5 red draconians
  2 green draconians
  16 black draconians
  13 spark wasps
  2 eleionomae (Swamp:3)
  6 dire elephants
  4 deep elf annihilators
  4 yellow draconians
  7 white draconians
  2 lorocyprocas
  5 purple draconians
  A minotaur (Gauntlet)
  3 bunyips (Swamp:1)
  2 blizzard demons
  3 eidola
  4 deep elf death magi
  2 mummy priests
  19 jiangshi
  4 great orbs of eyes
  4 entropy weavers
  12 ettins
  12 fire dragons
  9 deep elf high priests
  4 shambling mangroves
  13 yaktaur captains
  28 vault guards
  Josephine (Spider:1)
  2 rakshasas (Depths:1)
  2 jorogumos
  8 spriggan air magi
  A spriggan zombie (Crypt:3)
  8 ironbound frosthearts
  17 hydras
  An ogre mage (Vaults:5)
  10 ice dragons
  11 centaur warriors
  9 boulder beetles
  3 radroaches
  A two-headed ogre (D:9)
  34 dancing weapons
  2 death knights
  4 catoblepae
  2 ghost crabs
  A bennu skeleton (Crypt:1)
  Urug (Orc:2)
  2 deep troll earth magi (Depths:1)
  9 vampire magi
  4 death yaks (Lair:5)
  An orc high priest (Orc:2)
  9 alligators
  4 deep troll shamans
  5 tengu warriors
  6 spriggan berserkers
  6 hell knights
  23 deep elf knights
  18 spriggans
  3 soul eaters
  6 sun demons
  4 salamander mystics (Depths:3)
  4 shock serpents (Zot:3)
  Sonja (Lair:2)
  Amaemon (D:11)
  21 skeletal warriors
  A sea snake (shapeshifter) (Vaults:5)
  3 sixfirhies
  A bunyip zombie (Crypt:3)
  A storm dragon skeleton (Depths:2)
  5 iron trolls
  4 pharaoh ants
  2 shadow wraiths (Crypt:3)
  35 deep trolls
  3 goliath frogs
  13 orb spiders
  3 sun moths
  11 swamp dragons
  7 steelbarb worms
  A glowing orange brain (shapeshifter) (Elf:2)
  A lindwurm (shapeshifter) (Vaults:5)
  An obsidian statue (Gauntlet)
  5 spriggan druids
  8 flayed ghosts
  3 glowing orange brains
  8 bog bodies
  3 orange crystal statues (IceCv)
  2 shadow demons
  12 wizards
  7 orc knights
  17 phantasmal warriors
  19 deep elf archers
  38 deep elf pyromancers
  8 necromancers
  2 wolf spiders (shapeshifter)
  36 deep elf zephyrmancers
  12 ironbound convokers
  8 lindwurms
  A fire giant zombie (Depths:2)
  A large abomination (D:3)
  A shadow dragon skeleton (Crypt:3)
  3 will-o-the-wisps
  5 orc sorcerers
  A human zombie (Vaults:2)
  A stone giant zombie (Vaults:2)
  32 ugly things
  19 wolf spiders
  3 manticores (shapeshifter)
  2 manticores
  6 cyclopes
  An iron dragon skeleton (Crypt:3)
  11 salamanders (Depths:3)
  4 elephants (Lair:5)
  2 centaur zombies (D:15)
  Maurice (D:13)
  2 dire elephant zombies (Crypt:3)
  2 black mambas (Lair:5)
  3 orange demons
  A rust devil (D:11)
  30 moths of wrath
  A demonic crawler (Spider:1)
  13 vault sentinels
  4 torpor snails
  A centaur skeleton (D:15)
  4 cane toads
  8 unseen horrors
  Psyche (D:9)
  4 gargoyles
  A hellion (Zot:4)
  2 kobold demonologists
  3 smoke demons (Depths:4)
  7 freezing wraiths
  14 rime drakes
  2 efreet
  A pale draconian zombie (Crypt:1)
  3 ice devils
  22 yaktaurs
  5 tengu conjurers
  5 guardian mummies
  11 komodo dragons
  2 hydra zombies (Swamp:3)
  A bloated husk (Swamp:3)
  9 trolls
  A hellwing (Depths:4)
  5 meliai
  A meliai (shapeshifter) (D:13)
  A queen bee (Gauntlet)
  A merfolk (shapeshifter) (Vaults:4)
  A tarantella zombie (Crypt:2)
  9 tyrant leeches
  5 blink frogs (Lair:3)
  2 polar bears
  18 tarantellas
  A raiju (Zot:3)
  19 hornets
  A raiju (shapeshifter) (Vaults:5)
  A human simulacrum (Vaults:2)
  5 air elementals
  35 jumping spiders
  26 slime creatures
  A guardian serpent skeleton (Crypt:1)
  21 culicivoras
  3 vampires
  A shadow (D:11)
  17 wraiths
  48 yaks
  2 wyverns
  A water elemental (Depths:1)
  2 ushabtiu (Crypt:3)
  4 hogs (D:13)
  An ettin skeleton (Crypt:3)
  2 fire elementals (Elf:2)
  3 basilisks
  3 neqoxecs (Depths:2)
  A chaos spawn (Depths:4)
  9 vampire mosquitoes
  A wind drake skeleton (Crypt:3)
  40 redbacks
  11 steam dragons
  19 swamp worms
  2 glowing shapeshifter zombies (Depths:2)
  3 acid dragons
  3 wargs
  Duvessa (D:4)
  11 water moccasins
  A fire bat skeleton (Crypt:1)
  A floating eye (Depths:3)
  46 orc warriors
  A cane toad skeleton (Crypt:3)
  2 glowing shapeshifter skeletons
  9 swamp drakes (Swamp:4)
  2 black bears
  6 ice beasts
  3 sky beasts
  6 great orb of eyes simulacra (IceCv)
  5 boggarts (D:11)
  An elephant skeleton (Crypt:2)
  A blink frog zombie (Crypt:3)
  An ogre (shapeshifter) (Vaults:5)
  31 wolves
  7 ogres
  A lindwurm skeleton (Crypt:2)
  3 centaurs
  A phantom (D:5)
  Blork the orc (D:4)
  4 slime creature simulacra (IceCv)
  A draconian zombie (Crypt:3)
  3 kobold brigands
  A fire crab zombie (Crypt:2)
  3 gnoll sergeants
  A hog skeleton (Crypt:2)
  A bullfrog (shapeshifter) (Vaults:5)
  11 bullfrogs
  4 necrophages
  6 earth elementals
  2 glowing shapeshifter simulacra (IceCv)
  A scorpion (D:6)
  A wyvern skeleton (Crypt:1)
  23 wights
  Dowan (D:4)
  17 killer bees
  An electric eel (Spider:3)
  2 vampire bats (Lair:1)
  6 howler monkeys
  A wolf skeleton (Crypt:2)
  A black bear zombie (Crypt:1)
  33 orc priests
  7 hounds
  4 jellies
  A gnoll bouda (D:6)
  Ijyb (D:3)
  An iguana (D:6)
  27 orc wizards
  11 hell rats
  A boggart simulacrum (D:15)
  Robin (D:4)
  20 gnolls
  11 adders
  3 shadow imps
  A white imp (D:5)
  3 ufetubi
  A dart slug (D:1)
  113 orcs
  13 bats
  5 endoplasms
  5 giant cockroaches
  11 goblins
  13 hobgoblins
  2 jackals (D:4)
  4 quokkas
  6 ball pythons
  2 frilled lizards
  A gnoll skeleton (Crypt:3)
  A jackal zombie (Crypt:2)
  15 kobolds
  A kobold skeleton (Crypt:1)
  3 rats
  3 starspawn tentacles (Swamp:1)
2201 creatures vanquished.

Vanquished Creatures (collateral kills)
  An eleionoma (Swamp:1)
  A sixfirhy (Zot:3)
  A raiju (Zot:3)
  A vampire mosquito (D:15)
  2 orc warriors (D:15)
  2 orcs (D:15)
8 creatures vanquished.

Vanquished Creatures (others)
  Kirke (D:13)
  A ghost moth (Zot:3)
  A deep elf demonologist (Elf:1)
  A fire dragon (Depths:1)
  A two-headed ogre (D:13)
  A deep elf knight (Elf:1)
  An orb spider (Spider:2)
  An orc knight (Elf:1)
  A bloated husk (Swamp:1)
  A wyvern (shapeshifter) (Vaults:5)
  A human (D:13)
  An orc warrior (Vaults:5)
  3 ball lightnings (Zot:3)
  A bush (Lair:5)
  A butterfly (D:12)
  4 foxfires
  16 fungi
  39 plants
  5 starspawn tentacles (Swamp:1)
  4 withered plants (D:4)
85 creatures vanquished.

Grand Total: 2294 creatures vanquished

Notes
Turn   | Place    | Note
-------+----------+-------------------------------------------
     0 | D:1      | ParallaxScroll the Minotaur Fighter began the quest for the
                  | Orb.
     0 | D:1      | Reached XP level 1. HP: 19/19 MP: 0/0
   358 | D:1      | Reached XP level 2. HP: 26/26 MP: 1/1
   994 | D:2      | Reached XP level 3. HP: 31/31 MP: 2/2
  1292 | D:2      | Reached skill level 5 in Axes
  1503 | D:2      | Found a runed translucent door.
  1504 | D:2      | Noticed Crazy Yiuf
  1806 | D:3      | Noticed Ijyb
  1888 | D:3      | Killed Ijyb
  1889 | D:3      | Reached XP level 4. HP: 39/39 MP: 3/3
  1921 | D:3      | Identified the +3 hand axe "Zirogh" {flame, rN+ Int+6}
  2027 | D:3      | Learned a level 1 spell: Freeze
  2121 | D:3      | Found a faded altar of an unknown god.
  2161 | D:3      | Found Miacott's Weapon Shop.
  2520 | D:4      | Noticed Robin
  2617 | D:4      | Reached XP level 5. HP: 45/45 MP: 4/4
  2621 | D:4      | Killed Robin
  2696 | D:4      | Noticed Duvessa
  2696 | D:4      | Noticed Dowan
  2708 | D:4      | Killed Duvessa
  2709 | D:4      | Reached XP level 6. HP: 47/51 MP: 5/5
  2712 | D:4      | Killed Dowan
  2858 | D:4      | Identified a scroll of acquirement
  2859 | D:4      | Acquired the +3 kite shield "Boleisil" {rF+ SInv}
  3001 | D:4      | Noticed Blork the orc
  3014 | D:4      | Killed Blork the orc
  3015 | D:4      | Reached XP level 7. HP: 36/57 MP: 6/6
  3119 | D:4      | Reached skill level 5 in Shields
  3331 | D:4      | Found a runed translucent gate.
  3332 | D:4      | Found a runed translucent gate.
  3334 | D:4      | Found a runed translucent gate.
  3336 | D:4      | Noticed RandomusNamus's ghost (amateur MiBr)
  3336 | D:4      | Noticed boo's ghost (amateur MfGl)
  3340 | D:4      | Noticed AverageBear's ghost (amateur DsFi)
  3491 | D:4      | Noticed a yak
  3491 | D:4      | Noticed a steam dragon
  3497 | D:4      | Killed a steam dragon
  3509 | D:4      | Killed a yak
  3820 | D:5      | Entered Level 5 of the Dungeon
  3826 | D:5      | Reached skill level 5 in Fighting
  3880 | D:5      | Reached XP level 8. HP: 68/68 MP: 7/7
  4743 | D:6      | Reached skill level 10 in Axes
  4981 | D:6      | Found a burning altar of Makhleb.
  5014 | D:6      | Reached XP level 9. HP: 68/74 MP: 8/8
  5418 | D:6      | Found a staircase to the Ecumenical Temple.
  5431 | Temple   | Entered the Ecumenical Temple
  5465 | Temple   | Became a worshipper of Elyvilon the Healer
  5603 | D:7      | Reached skill level 1 in Invocations
  5866 | D:7      | Found a snail-covered altar of Cheibriados.
  5891 | D:7      | Found a shadowy altar of Dithmenos.
  5929 | D:7      | Noticed Maggie
  5930 | D:7      | Maggie changed into Maggie the ogre
  5930 | D:7      | Noticed Maggie
  5933 | D:7      | Killed Maggie the ogre
  5976 | D:7      | Reached * piety under Elyvilon
  6103 | D:7      | Noticed Joseph
  6104 | D:7      | Joseph changed into Joseph the sky beast
  6104 | D:7      | Noticed Joseph
  6111 | D:7      | Killed Joseph the sky beast
  6328 | D:7      | Found a glowing golden altar of the Shining One.
  6683 | D:8      | Reached ** piety under Elyvilon
  6953 | D:8      | Noticed a rime drake
  7028 | D:8      | Reached skill level 5 in Invocations
  7109 | D:8      | Noticed a polar bear
  7124 | D:7      | Killed a polar bear
  7185 | D:7      | Reached XP level 10. HP: 81/81 MP: 12/12
  7261 | D:8      | Found a staircase to the Lair.
  7357 | D:8      | Reached skill level 1 in Dodging
  7576 | D:8      | Reached skill level 5 in Armour
  8805 | D:9      | Reached skill level 15 in Axes
  8819 | D:9      | Noticed Psyche
  8829 | D:9      | Killed Psyche
  8844 | D:9      | Reached *** piety under Elyvilon
  9072 | D:9      | Reached XP level 11. HP: 89/89 MP: 13/13
  9242 | D:10     | Entered Level 10 of the Dungeon
  9300 | D:10     | Noticed a two-headed ogre
  9542 | Lair:1   | Entered Level 1 of the Lair of Beasts
  9780 | Lair:1   | Got the Tome of Unstable Power
 10049 | Lair:1   | Acquired a manual of Armour
 10197 | Lair:1   | Reached **** piety under Elyvilon
 10885 | Lair:2   | Noticed Sonja
 10894 | Lair:2   | Killed Sonja
 10984 | Lair:2   | Reached ***** piety under Elyvilon
 11222 | Lair:2   | Found a staircase to the Swamp.
 11943 | Lair:3   | Found a runed translucent gate.
 11943 | Lair:3   | Found a runed translucent gate.
 11943 | Lair:3   | Found a runed translucent gate.
 12118 | Lair:3   | Reached skill level 10 in Armour
 12118 | Lair:3   | Reached XP level 12. HP: 78/96 MP: 14/14
 12492 | Lair:3   | Reached skill level 5 in Dodging
 12838 | Lair:3   | Found a hole to the Spider Nest.
 13119 | Lair:3   | Noticed Kithraux's ghost (journeyman TrAr)
 13235 | Lair:4   | Found a staircase to the Slime Pits.
 13619 | Lair:4   | Noticed a fire dragon
 13636 | Lair:4   | Reached skill level 10 in Fighting
 13978 | D:9      | Killed a two-headed ogre
 14164 | D:10     | Identified the +2 war axe of Anger {heavy, *Noise rPois
                  | rC++ Int+3}
 14275 | D:10     | Reached ****** piety under Elyvilon
 14511 | D:10     | Reached skill level 10 in Shields
 14533 | D:10     | Reached XP level 13. HP: 111/113 MP: 15/15
 14869 | D:10     | Found Adak's Book Shoppe.
 15437 | D:11     | Noticed Amaemon
 15446 | D:11     | Killed Amaemon
 15455 | D:11     | Reached skill level 5 in Evocations
 15457 | D:11     | Found a staircase to the Orcish Mines.
 16423 | D:12     | Noticed Frances
 16444 | D:12     | Killed Frances
 16590 | D:12     | Found a white marble altar of Elyvilon.
 17183 | D:12     | Identified the +6 scale mail of Impressiveness {Will+
                  | Str+5}
 17548 | D:12     | Found a portal to a secret trove of treasure.
 17819 | D:13     | Found a gate leading to a gauntlet.
 17839 | D:13     | Reached skill level 15 in Armour
 17874 | D:13     | Noticed Kirke
 17888 | D:13     | Killed Kirke
 17920 | Gauntlet | Entered a Gauntlet
 17920 | Gauntlet | Found a runed translucent door.
 17920 | Gauntlet | Found a transporter.
 17920 | Gauntlet | Found a runed translucent door.
 17920 | Gauntlet | Found a transporter.
 17926 | Gauntlet | Found a transporter.
 17939 | Gauntlet | Found a transporter.
 17956 | Gauntlet | Found a transporter.
 17956 | Gauntlet | Found a transporter.
 17958 | Gauntlet | Found a transporter.
 17958 | Gauntlet | Found a transporter.
 17959 | Gauntlet | Found a transporter.
 17970 | Gauntlet | Found a transporter.
 17986 | Gauntlet | Found a transporter.
 17993 | Gauntlet | Noticed a cacodemon
 17996 | Gauntlet | Found a transporter.
 18010 | Gauntlet | Found a transporter.
 18031 | Gauntlet | Found a transporter.
 18306 | Gauntlet | Identified the +1 cloak of Zin's Benevolence {Fly}
 18324 | Gauntlet | Identified the +2 plate armour of the Iron City of Dis
                  | {Drain Int+4}
 18324 | Gauntlet | Noticed a minotaur
 18333 | Gauntlet | Killed a minotaur
 18379 | Gauntlet | Got the Quarto of the Fair Folk
 18382 | Gauntlet | Got Sif Muna's Folio of Dislocation
 18507 | D:13     | Found a gate to the Vaults.
 18626 | D:13     | Noticed Maurice
 18634 | D:13     | Killed Maurice
 18765 | D:13     | Reached XP level 14. HP: 121/121 MP: 17/17
 19496 | Orc:1    | Entered Level 1 of the Orcish Mines
 19523 | Orc:1    | Noticed an orc warlord
 19565 | D:11     | Killed an orc warlord
 20128 | Orc:2    | Entered Level 2 of the Orcish Mines
 20319 | Orc:2    | Found a staircase to the Elven Halls.
 20416 | Orc:2    | Noticed an orc warlord
 20602 | Orc:1    | Killed an orc warlord
 20874 | Orc:2    | Noticed Urug
 20952 | Orc:2    | Killed Urug
 21066 | Orc:2    | Found Irir's Book Emporium.
 21082 | Orc:2    | Found Raytich's General Store.
 21098 | Orc:2    | Found Umay's Antique Armour Emporium.
 21167 | Orc:2    | Found Amuar Buqe's Antique Weapon Emporium.
 21423 | Orc:2    | Bought a pair of glowing gloves for 210 gold pieces
 21986 | D:10     | Found Adak's Book Shoppe.
 22908 | Lair:5   | Entered Level 5 of the Lair of Beasts
 23673 | Lair:5   | Identified the ring "Zosaupn" {EV+5 Dex+3}
 24935 | D:13     | Acquired a manual of Invocations
 24937 | D:13     | Acquired 795 gold pieces
 24939 | D:13     | Acquired a manual of Armour
 25155 | D:14     | Reached XP level 15. HP: 105/130 MP: 11/20
 25364 | D:14     | Reached skill level 10 in Invocations
 25380 | D:14     | Found an opulent altar of Gozag.
 25866 | D:15     | Entered Level 15 of the Dungeon
 25914 | D:15     | Found a frozen archway.
 25930 | IceCv    | Entered an ice cave
 26448 | IceCv    | Got the ring "Diuvuan" {Ice rPois Str+5 Int-2 Dex-3}
 26891 | IceCv    | Reached skill level 1 in Throwing
 27140 | IceCv    | Noticed an azure jelly
 27148 | IceCv    | Killed an azure jelly
 27164 | IceCv    | Found a viscous altar of Jiyva.
 27168 | IceCv    | Noticed a rockslime
 27169 | IceCv    | Noticed an azure jelly
 27179 | IceCv    | Killed an azure jelly
 27181 | IceCv    | Killed a rockslime
 27247 | IceCv    | Identified the +1 leather armour of the Voracious Serpent
                  | {Stlth+}
 27525 | D:15     | Found Iluydy's Distillery.
 27550 | D:15     | Bought a potion of might for 40 gold pieces
 27550 | D:15     | Bought 2 potions of might for 80 gold pieces
 27604 | D:15     | Reached skill level 5 in Throwing
 27661 | D:15     | Found a staircase to the Depths.
 28836 | Swamp:1  | Entered Level 1 of the Swamp
 28991 | Swamp:1  | Noticed Donald
 28998 | Swamp:1  | Killed Donald
 29659 | Swamp:1  | Noticed Mlioglotl
 29676 | Swamp:1  | Noticed a tentacled starspawn
 29678 | Swamp:1  | Noticed a tentacled starspawn
 29682 | Swamp:1  | Gained mutation: You sometimes lose your temper in combat.
                  | [a neqoxec]
 29696 | Swamp:1  | Killed Mlioglotl
 29938 | Swamp:2  | Reached XP level 16. HP: 90/137 MP: 12/24
 30197 | Swamp:2  | Noticed Jorgrun
 30421 | Spider:1 | Entered Level 1 of the Spider Nest
 30821 | Lair:5   | Lost mutation: You sometimes lose your temper in combat.
                  | [potion of mutation]
 30821 | Lair:5   | Gained mutation: You occasionally lose the ability to read
                  | scrolls when taking damage. [potion of mutation]
 30821 | Lair:5   | Gained mutation: You expend magic power (3 MP) to
                  | strengthen your wands. [potion of mutation]
 30821 | Lair:5   | Lost mutation: You expend magic power (3 MP) to strengthen
                  | your wands. [potion of mutation]
 30821 | Lair:5   | Gained mutation: Your muscles are strong. (Str +4, Int/Dex
                  | -1) [potion of mutation]
 31486 | Spider:1 | Noticed Josephine
 31496 | Spider:1 | Killed Josephine
 32583 | Spider:1 | Reached skill level 10 in Throwing
 33865 | D:12     | You paid a toll of 12 potions of heal wounds to enter a
                  | treasure trove
 33866 | Trove    | Entered a treasure trove
 33868 | Trove    | Found the +3 pair of seven-league boots {Rampage+∞}
 33870 | Trove    | Identified the +3 leather armour of the Sparrow {+Blink}
 33878 | Trove    | Identified the +10 crystal plate armour "Geppus" {Int+3
                  | Stlth+}
 33909 | Trove    | Identified the +1 chain mail of the Blizzard {rC- Int+8
                  | Slay+3}
 33917 | Trove    | Identified the +1 hat of Untold Secrets {+Inv rElec rPois
                  | SInv}
 33928 | Trove    | Identified the +0 cloak of the Bulwark {rPois rN+}
 34996 | Spider:3 | Noticed Arachne
 35004 | Spider:3 | Killed Arachne
 35005 | Spider:3 | Reached skill level 10 in Evocations
 35469 | Spider:4 | Entered Level 4 of the Spider Nest
 35603 | Spider:4 | Noticed Louise
 35618 | Spider:4 | Killed Louise
 35619 | Spider:4 | Reached XP level 17. HP: 144/144 MP: 0/25
 36588 | Spider:4 | Identified the ring of Loiklusa {rCorr Str+2 Int+2}
 37195 | Spider:4 | Got a gossamer rune of Zot
 37205 | Spider:4 | Identified the +1 hat of the Solstice {rElec rF+ rN+ MP-9}
 37421 | Spider:4 | Noticed Aizul
 37448 | Spider:4 | Killed Aizul
 37985 | Vaults:1 | Entered Level 1 of the Vaults
 40205 | Vaults:2 | Found a flickering gateway to a bazaar.
 40250 | Bazaar   | Entered a bazaar
 40250 | Bazaar   | Found Celives's Magic Scroll Boutique.
 40250 | Bazaar   | Found Utsiet Limua's Antique Weapon Boutique.
 40280 | Bazaar   | Found Demaosk's General Store.
 40291 | Bazaar   | Found Zyket's Jewellery Shop.
 40299 | Bazaar   | Found Eroodgh's Antique Armour Shop.
 40338 | Bazaar   | Bought a phantom mirror for 480 gold pieces
 40374 | Vaults:2 | Reached skill level 15 in Evocations
 40616 | Vaults:2 | Reached XP level 18. HP: 123/148 MP: 19/26
 40869 | Vaults:2 | Paralysed by a great orb of eyes for 5 turns
 41995 | Vaults:3 | Found Lirhink's Distillery.
 41998 | Vaults:3 | Bought a potion of haste for 190 gold pieces
 41998 | Vaults:3 | Bought a potion of heal wounds for 95 gold pieces
 42348 | Vaults:3 | Found a staircase to the Crypt.
 42607 | Vaults:3 | Got the Handbook of Ensnaring Calefaction
 42773 | Vaults:3 | Reached skill level 15 in Invocations
 46312 | Swamp:2  | Killed Jorgrun
 46313 | Swamp:2  | Reached XP level 19. HP: 150/156 MP: 24/29
 47903 | Swamp:4  | Entered Level 4 of the Swamp
 48279 | Swamp:4  | Reached skill level 15 in Fighting
 48861 | Swamp:4  | Got a decaying rune of Zot
 49543 | Depths:1 | Entered Level 1 of the Depths
 49544 | Depths:1 | Noticed a golden dragon
 49738 | Elf:1    | Entered Level 1 of the Elven Halls
 49843 | Elf:1    | Noticed Agnes
 49850 | Elf:1    | Killed Agnes
 50029 | Elf:1    | Reached skill level 15 in Shields
 51368 | Elf:1    | Found a runed translucent gate.
 51368 | Elf:1    | Found a runed translucent gate.
 51368 | Elf:1    | Found a runed translucent gate.
 51368 | Elf:1    | Found a runed translucent gate.
 51368 | Elf:1    | Found a runed translucent gate.
 51371 | Elf:1    | Found a runed translucent gate.
 51615 | Elf:2    | Found Uhonya's Book Boutique.
 51619 | Elf:2    | Identified the +0 pair of boots of Wouschuqe {rElec Regen+}
 52063 | Elf:2    | Reached XP level 20. HP: 178/178 MP: 26/30
 52182 | Elf:2    | Got Ts'ui Pên's Precepts of Forking Paths
 52199 | Elf:2    | Got the Catalogue of Axaxaxas mlö
 52277 | Elf:2    | Got the Cyclopedia of Dhcmrlchtdj
 52747 | Elf:2    | Found a huge runed translucent gate.
 52747 | Elf:2    | Found a huge runed translucent gate.
 52747 | Elf:2    | Found a huge runed translucent gate.
 52750 | Elf:2    | Found a huge runed translucent gate.
 52750 | Elf:2    | Identified the +1 war axe of Eser {flame, rElec Will+}
 52755 | Elf:2    | Found a huge runed translucent gate.
 53407 | Elf:3    | Entered Level 3 of the Elven Halls
 54164 | Elf:3    | Identified the +8 trident "Boiminum" {elec, rF++ rC++
                  | Str-3}
 54164 | Elf:3    | Identified the +0 robe of the Ecumenical Temple {Harm Will+
                  | Dex+5}
 54164 | Elf:3    | Identified the ring of the Several Lies {EV+5 Str+2}
 54564 | Elf:3    | Reached skill level 10 in Dodging
 56049 | Elf:3    | Got the Lessons on Impulse and the Tempest
 56054 | Elf:3    | Identified the +9 shortbow of the Desolation of Salt
                  | {freeze, rF+ Will- Int+3}
 56056 | Elf:3    | Got the Octavo of the Compass
 56094 | Elf:3    | Identified the ring "Itzajih" {Str+3 Slay+2 SInv Stlth+}
 57615 | Vaults:3 | Bought a potion of attraction for 57 gold pieces
 57684 | Crypt:1  | Entered Level 1 of the Crypt
 58869 | Crypt:1  | Reached XP level 21. HP: 136/191 MP: 17/31
 60969 | Crypt:3  | Entered Level 3 of the Crypt
 61213 | Crypt:3  | Noticed Sojobo
 61352 | Crypt:2  | Killed Sojobo
 61525 | Crypt:3  | Noticed Saint Roka
 61544 | Crypt:3  | Killed Saint Roka
 61808 | Crypt:3  | Found a staircase to the Tomb.
 62814 | Crypt:3  | Noticed a curse toe
 62829 | Crypt:3  | Killed a curse toe
 62833 | Crypt:3  | Noticed a curse toe
 62851 | Crypt:3  | Killed a curse toe
 62936 | Crypt:3  | Found a basalt altar of Yredelemnul.
 62943 | Crypt:3  | Found an ancient bone altar of Kikubaaqudgha.
 62954 | Crypt:3  | Found the +5 scythe "Finisher" {speed, eviscerate}
 62962 | Crypt:3  | Identified the ring of Paxonok {rN+ Dex+3}
 62962 | Crypt:3  | Identified the ring "Onoull" {rN+ Will+ Stlth+}
 63014 | Crypt:3  | Found the +2 hat of the Bear Spirit {Spirit, Bear, *Rage
                  | Will++}
 63018 | Crypt:3  | Identified the amulet "Zyoseuwn" {Reflect Regen+ Int-2
                  | Dex+3 SH+5}
 63225 | Vaults:5 | Entered Level 5 of the Vaults
 63432 | Vaults:5 | Noticed a golden dragon
 63451 | Vaults:5 | Killed a golden dragon
 63694 | Vaults:5 | Reached XP level 22. HP: 209/209 MP: 24/32
 63758 | Vaults:5 | Identified the amulet "Hahooluck" {Spirit Int+3 Dex+3}
 63762 | Vaults:5 | Identified the +5 chain mail of the Several Deaths {Stlth+}
 63775 | Vaults:5 | Noticed an ancient lich
 63784 | Vaults:5 | Killed an ancient lich
 64162 | Vaults:5 | Noticed an ancient lich
 64175 | Vaults:5 | Killed an ancient lich
 64366 | Vaults:5 | Identified the +4 morningstar of Awkwardness {heavy, rPois
                  | rF- Str-3 SInv}
 64905 | Vaults:5 | Noticed Boris
 65126 | Vaults:5 | Identified the amulet of Xom's Whimsicality {Spirit rElec
                  | rF+ rCorr Int+3}
 65244 | Vaults:5 | Identified the +0 robe "Qoecsaf" {rF+ MP-9 Dex+3}
 65658 | Vaults:5 | Found Serghyoz's Magic Scroll Shoppe.
 65670 | Vaults:5 | Found Buvop's Distillery.
 65675 | Vaults:5 | Bought a potion of might for 80 gold pieces
 65675 | Vaults:5 | Bought a potion of haste for 200 gold pieces
 65675 | Vaults:5 | Bought a potion of might for 80 gold pieces
 65675 | Vaults:5 | Bought a potion of might for 80 gold pieces
 65748 | Vaults:5 | Killed Boris
 65832 | Vaults:5 | Got a silver rune of Zot
 65941 | Vaults:5 | Found Rodwoess's Distillery.
 65946 | Vaults:5 | Bought a potion of might for 60 gold pieces
 65958 | Vaults:5 | Found Futhrer's Magic Scroll Emporium.
 66456 | Vaults:5 | Found Futhrer's Magic Scroll Emporium.
 66797 | Vaults:5 | Found Serghyoz's Magic Scroll Shoppe.
 66804 | Vaults:5 | Found Buvop's Distillery.
 66814 | Vaults:5 | Found Rodwoess's Distillery.
 67413 | Depths:1 | Killed a golden dragon
 67988 | Depths:1 | Found a gateway to Hell.
 68459 | Depths:1 | Noticed the Enchantress
 68473 | Depths:1 | Reached XP level 23. HP: 220/220 MP: 19/34
 68478 | Depths:1 | Killed the Enchantress
 68615 | Depths:1 | Found a one-way gate leading to the halls of Pandemonium.
 68793 | Depths:1 | Found a one-way gate to the infinite horrors of the Abyss.
 68871 | Depths:1 | Found a one-way gateway to a ziggurat.
 71049 | Depths:2 | Paralysed by an air elemental for 1 turns
 72861 | Depths:3 | Identified the +12 mace of the Abyss {pain, MP+9 Str+4
                  | SInv}
 73592 | Depths:4 | Entered Level 4 of the Depths
 74115 | Depths:4 | Reached XP level 24. HP: 218/231 MP: 31/35
 74204 | Depths:4 | Found a gate to the Realm of Zot.
 74796 | Depths:4 | Noticed Mennas
 74822 | Depths:4 | Killed Mennas
 75822 | Vaults:5 | Bought a potion of mutation for 160 gold pieces
 75822 | Vaults:5 | Bought a potion of attraction for 60 gold pieces
 75822 | Vaults:5 | Bought a potion of curing for 60 gold pieces
 75822 | Vaults:5 | Bought a potion of curing for 60 gold pieces
 75836 | Vaults:5 | Bought a scroll of fog for 44 gold pieces
 75836 | Vaults:5 | Bought a scroll of fear for 44 gold pieces
 75847 | Vaults:5 | Bought a potion of attraction for 45 gold pieces
 75847 | Vaults:5 | Bought a potion of curing for 45 gold pieces
 75847 | Vaults:5 | Bought a potion of berserk rage for 75 gold pieces
 75861 | Vaults:5 | Bought a scroll of fear for 64 gold pieces
 75861 | Vaults:5 | Bought a scroll of fog for 64 gold pieces
 76883 | Orc:2    | Bought a potion of magic for 144 gold pieces
 77746 | Zot:1    | Entered Level 1 of the Realm of Zot
 78811 | Zot:2    | You are sucked into a shaft and drop 1 floor!
 79032 | Zot:4    | Noticed a Killer Klown
 79050 | Zot:4    | Killed a Killer Klown
 79258 | Zot:3    | Reached skill level 15 in Throwing
 80500 | Zot:4    | Noticed an ancient lich
 80780 | Zot:4    | Reached XP level 25. HP: 183/241 MP: 17/35
 80924 | Zot:4    | Killed an ancient lich
 81201 | Zot:4    | Found a stormy altar of Qazlal.
 81227 | Zot:4    | Identified the ring of Offasygu {rPois rF+ Str+4}
 81233 | Zot:5    | Entered Level 5 of the Realm of Zot
 81560 | Zot:5    | Identified the +5 spear of Immorality {drain, Str+4}
 82061 | Zot:5    | Noticed an ancient lich
 82063 | Zot:5    | Noticed a dread lich
 82080 | Zot:5    | Killed an ancient lich
 82087 | Zot:5    | Killed a dread lich
 82692 | Zot:5    | Noticed an orb of fire
 82693 | Zot:5    | Gained mutation: You do not regenerate when monsters are
                  | visible. [an orb of fire]
 82697 | Zot:5    | Noticed an ancient lich
 82700 | Zot:5    | Killed an orb of fire
 82700 | Zot:5    | Noticed a Killer Klown
 82707 | Zot:5    | Killed an ancient lich
 82719 | Zot:5    | Killed a Killer Klown
 83093 | Zot:5    | Noticed an orb of fire
 83096 | Zot:5    | Noticed an ancient lich
 83104 | Zot:5    | Noticed an ancient lich
 83108 | Zot:5    | Gained mutation: You are frail. (-10% HP) [an orb of fire]
 83109 | Zot:5    | Killed an orb of fire
 83109 | Zot:5    | Killed an ancient lich
 83109 | Zot:5    | Noticed an ancient lich
 83113 | Zot:5    | Noticed a dread lich
 83114 | Zot:5    | Killed an ancient lich
 83114 | Zot:5    | Noticed a Killer Klown
 83118 | Zot:5    | Killed an ancient lich
 83122 | Zot:5    | Killed a dread lich
 83125 | Zot:5    | Killed a Killer Klown
 83125 | Zot:5    | Noticed an orb of fire
 83135 | Zot:5    | Lost mutation: Your muscles are strong. (Str +4, Int/Dex
                  | -1) [potion of mutation]
 83135 | Zot:5    | Lost mutation: You are frail. (-10% HP) [potion of
                  | mutation]
 83135 | Zot:5    | Gained mutation: You occasionally shout uncontrollably at
                  | your foes. [potion of mutation]
 83135 | Zot:5    | Gained mutation: You have hidden genetic potential. [potion
                  | of mutation]
 83406 | Zot:4    | Lost mutation: You occasionally lose the ability to read
                  | scrolls when taking damage. [potion of mutation]
 83406 | Zot:4    | Lost mutation: You have hidden genetic potential. [potion
                  | of mutation]
 83406 | Zot:4    | Gained mutation: You have a pair of large horns on your
                  | head. [potion of mutation]
 83421 | Zot:5    | Killed an orb of fire
 83758 | Zot:5    | Got the Orb of Zot
 84003 | Zot:4    | Lost mutation: You do not regenerate when monsters are
                  | visible. [potion of mutation]
 84003 | Zot:4    | Lost mutation: You occasionally shout uncontrollably at
                  | your foes. [potion of mutation]
 84003 | Zot:4    | Lost mutation: You have a pair of large horns on your head.
                  | [potion of mutation]
 84003 | Zot:4    | Gained mutation: You are vulnerable to cold. (rC-) [potion
                  | of mutation]
 84679 | D:3      | Reached XP level 26. HP: 244/260 MP: 31/35
 84737 | D:$      | Escaped with the Orb!

Illustrated notes

Levels and vault maps discovered:
D:1:      nicolae_arrival_somewhat_less_tricky_arrival, layout_loops_ring
D:2:      layout_basic, kennysheep_generic_room_3, uniq_crazy_yiuf_cottage
D:3:      layout_basic, serial_shops, nicolae_shop_hallway_plus,
          shapermc_ecumenical_altar_mp_vishouse, uniq_ijyb
D:4:      layout_basic, gammafunk_ghost_cemetery, minmay_small_thing,
          uniq_duvessa, uniq_blork_the_orc, uniq_robin
D:5:      layout_loops_cross, kennysheep_crisscross
D:6:      layout_cave_pools, general_overflow_altar,
          minmay_temple_entry_large_hall, minmay_pentangle
D:7:      layout_basic, mainiacjoe_overflow_brackets,
          mainiacjoe_overflow_large_starburst, uniq_joseph, uniq_maggie
D:8:      layout_loops_ring, hellmonk_lair_entry_icy
D:9:      layout_loops_cross, uniq_psyche
D:10:     cheibrodos_ideogram_h, layout_loops_ring, serial_shops,
          nicolae_shop_window_shopping, kennysheep_generic_room_9
D:11:     layout_cave_pods, david_orc_5, uniq_amaemon
D:12:     layout_basic, nicolae_trove_entry_columns,
          nicolae_elyvilon_peaceful_grove, uniq_frances
D:13:     wander_river, layout_loops_cross, david_vaults_4,
          gauntlet_entry_generic, special_room [special_room_orc], uniq_maurice,
          uniq_kirke
D:14:     minmay_distorted_concentric_squares, layout_basic,
          grunt_gozag_statues, minmay_unpleasant_kobolds
D:15:     grunt_enter_depths_magical_seal, layout_basic, serial_shops,
          nicolae_shop_temple_entry_statues_fountains,
          portal_ice_cave_entry_pillars_four, minmay_stone_trees_medium
Temple:   nicolae_temple_two_arcs
Lair:1:   layout_gridlike, roderic_batcave
Lair:2:   layout_regular_city, minmay_swamp_entry_worms, grunt_megastairs_3,
          infiniplex_staircase_pool, uniq_sonja
Lair:3:   layout_cave_pods, nicolae_spider_entry_orb_guardian,
          gammafunk_ghost_icy, serial_bayou_shore_b, lemuel_fruit_fields
Lair:4:   wad_woods_pond, layout_small_grid, slime_entry_1,
          bobbens_dragon_lair_wall
Lair:5:   grunt_lair_end_beastmaster, layout_hall_layers
Swamp:1:  layout_falls_marsh, evilmike_swamp_ruin_house_4, uniq_mlioglotl,
          uniq_donald
Swamp:2:  layout_falls_marsh, nicolae_swamp_little_swirl, uniq_jorgrun
Swamp:3:  layout_basic_swamp, hangedman_swamp_pad, swamp_pool1,
          nicolae_swamp_necromancy_gone_wrong
Swamp:4:  swamp, layout_basic_swamp
Spider:1: layout_chambers, uniq_josephine
Spider:2: nicolae_spider_mines_3, nicolae_spider_bug_shape
Spider:3: layout_spider_delve, hellmonk_test_site, uniq_arachne
Spider:4: hellmonk_spider_rune_endless_swarm, uniq_aizul, uniq_louise
Orc:1:    layout_caves
Orc:2:    grunt_orc_cross, layout_diamond_mine, rock_pile
Elf:1:    nicolae_elf_arrival_fired_up, layout_loops_corners, orc_legates,
          uniq_agnes
Elf:2:    elven_hall_of_blades_hangedman_alternative
          [mumra_blade_entry_bloodbath], layout_loops_cross, serial_shops,
          shop_statue, nicolae_elf_stair_hall, drop_trap, grunt_ministairs_4,
          bh_hangedman_babel_library
Elf:3:    minmay_elf_hall, layout_geoelf_diagonals
Vaults:1: vaults_dpeg_encased_lava, nicolae_vaults_alarming,
          hangedman_vaults_trim, nicolae_vaults_angled_halls,
          nicolae_vaults_what_the_h, hangedman_vaults_capsules, v_alt_pattern_5,
          v_misc_1, ontoclasm_vaults_hangar, nicolae_vaults_little_squares_6,
          grunt_vaults_bifocal, vaults_room_door_ring, layout_vaults_big_room
Vaults:2: v_misc_30, hangedman_vaults_pinch, v_misc_12, hangedman_vaults_nails,
          nicolae_vaults_theta, v_misc_12, v_misc_17, vaults_dpeg_ring,
          vaults_room_hallway, vaults_room_pools, layout_vaults_omnigrid,
          serial_shops, freezing_bzr
Vaults:3: ontoclasm_vaults_fault, grunt_vaults_diagonal,
          nicolae_vaults_display_case, nicolae_vaults_bisected_slash,
          nicolae_vaults_windows_and_doors_thing, v_pattern_1,
          ontoclasm_vaults_tryst, vaults_dpeg_cross, v_misc_13,
          minmay_crypt_entry_simple_corners, layout_vaults_ring, serial_shops,
          shop
Vaults:4: ontoclasm_vaults_twist, ontoclasm_vaults_ring_square, v_misc_4,
          vaults_dpeg_spiral, v_misc_25, v_misc_24,
          nicolae_vaults_little_squares_5, st_lattice,
          nicolae_vaults_angled_halls, hangedman_vaults_maws, v_alt_pattern_1,
          nicolae_vaults_shelves_hall, ontoclasm_vaults_decontamination,
          layout_vaults_omnibox
Vaults:5: serial_shops, uniq_boris
Crypt:1:  layout_gridlike, due_unseen_surprise
Crypt:2:  layout_rooms
Crypt:3:  lightli_unholy_cathedral, layout_chaotic_city, item_on_display_b,
          uniq_sojobo, uniq_saint_roka
Depths:1: layout_gridlike, enter_ziggurat_c, pan_entry, hell_entry, abyss_entry,
          nicolae_lava_and_water, evilmike_ambush
          [evilmike_ambush_outer_corners, evilmike_ambush_inner_basic],
          grunt_megastairs_5, uniq_enchantress
Depths:2: constructs_gauntlet_mu_hangedman, layout_gridlike,
          kennysheep_nondescript, grunt_pan_entry_sceptre, serial_rivers,
          chequers_serial_rivers_small_b, chequers_serial_rivers_micro_c,
          chequers_serial_rivers_room_a, chequers_serial_rivers_micro_e,
          chequers_serial_rivers_small_3, hell_entry
Depths:3: kennysheep_large_vault, layout_cave_pools, rand_demon_pan_entry_8,
          hangedman_abyss_entry_splay, hell_entry,
          minmay_staircase_windowed_large
Depths:4: grunt_crosshair, layout_gridlike, hangedman_decor_clover_reticule,
          lightli_too_deep, rand_demon_pan_entry_9, uniq_josephina, uniq_mennas
Zot:1:    gammafunk_its_a_trap, layout_onion_interference, zot_minivault_4
Zot:2:    kennysheep_blocky_room, layout_cellular_growth,
          st_single_dragon_hoard_3, st_stairs_8, nicolae_diode_basic,
          uniq_parghit
Zot:3:    infiniplex_zot_generator, layout_basic
Zot:4:    regret_index_qazlal_generations, layout_misc_corridors
Zot:5:    layout_gridlike, st_stairs_8, grunt_ministairs_4

Skill      XL: |  1  2  3  4  5  6  7  8  9 10 11 12 13 14 15 16 17 18 19 20 21 22 23 24 25 |
---------------+----------------------------------------------------------------------------+-----
Axes           | 3 4 5 6 7 11 13 15 18 19 | 19.0
Evocations     | 2 3 4 8 10 15 17 18 19 | 19.0
Shields        | 4 7 8 10 12 13 14 15 16 20 21 22 | 22.0
Fighting       | 5 6 10 11 14 15 18 20 21 22 23 25 | 25.9
Invocations    | 5 6 9 13 15 17 19 | 19.0
Dodging        | 4 5 8 9 11 12 13 | 13.0
Armour         | 6 10 14 16 17 20 22 23 24 25 | 25.0
Throwing       | 6 10 16 | 16.0

Action                     |  1- 3 |  4- 6 |  7- 9 | 10-12 | 13-15 | 16-18 | 19-21 | 22-24 | 25-27 || total
---------------------------+-------+-------+-------+-------+-------+-------+-------+-------+-------++-------
  Melee: War axe           |    95 |       |       |       |       |       |       |       |       ||    95
         Headbutt          |    13 |    15 |    51 |   139 |   267 |   314 |   379 |   454 |    89 ||  1721
         Hand axe          |       |    91 |   290 |    88 |    15 |       |    90 |       |       ||   574
         Broad axe         |       |       |       |   696 |  1070 |  1214 |  1482 |  1464 |   343 ||  6269
   Fire: Sling             |     2 |     6 |    44 |    58 |    32 |       |       |       |       ||   142
  Throw: Boomerang         |       |       |     3 |    10 |     8 |    18 |    22 |    11 |     3 ||    75
         Dart              |       |       |       |       |    14 |    99 |       |       |       ||   113
         Javelin           |       |       |       |       |       |       |       |     2 |    13 ||    15
 Invoke: Heal Other        |       |       |       |       |       |     1 |       |       |       ||     1
         Divine Vigour     |       |       |       |       |       |     1 |     1 |     1 |       ||     3
         Purification      |       |       |       |       |       |       |       |     1 |     1 ||     2
Ability: Evoke Invisibilit |       |       |       |       |       |     2 |     1 |       |       ||     3
  Evoke: Wand              |       |     1 |     2 |     2 |    21 |     4 |     9 |     3 |       ||    42
         Box of beasts     |       |       |       |       |     2 |       |       |     1 |       ||     3
         Tin of tremorston |       |       |       |       |       |     3 |     3 |     4 |       ||    10
         Phantom mirror    |       |       |       |       |       |       |       |     1 |     1 ||     2
    Use: Scroll            |     3 |     7 |     8 |    15 |    19 |     6 |     8 |    12 |     6 ||    84
         Potion            |       |     1 |       |     4 |     2 |     1 |     2 |     2 |    17 ||    29
   Stab: Invisible         |       |       |       |     2 |     8 |     1 |       |     1 |       ||    12
         Petrified         |       |       |       |       |     9 |       |       |       |       ||     9
         Distracted        |       |       |       |       |       |     1 |       |       |       ||     1
 Armour: Scale mail        |    31 |       |    10 |    99 |   207 |       |       |       |       ||   347
         Leather armour    |       |    29 |    37 |    48 |       |       |       |       |       ||   114
         Plate armour      |       |       |       |     8 |       |       |       |       |       ||     8
         Chain mail        |       |       |       |    45 |    65 |       |       |       |       ||   110
         Crystal plate arm |       |       |       |       |    53 |   459 |   668 |   611 |   196 ||  1987
         Skin              |       |       |       |       |       |       |     9 |       |    19 ||    28
  Dodge: Dodged            |    30 |    36 |    69 |   186 |   252 |   401 |   332 |   355 |    80 ||  1741
  Block: Buckler           |    17 |    10 |       |       |       |       |       |       |       ||    27
         Kite shield       |       |     7 |   144 |   478 |   748 |   714 |   781 |  1128 |   237 ||  4237
         Reflection        |       |       |       |     5 |    27 |       |       |    17 |       ||    49

Table legend: (Time is in decaauts)
 A = Elapsed time spent in this place.
 B = Non-inter-level travel time spent in this place.
 C = Inter-level travel time spent in this place.
 D = Time resting spent in this place.
 E = Time spent auto-exploring this place.
 F = Levels seen in this place.
 G = Mean time per level.
                   A        B        C        D        E       F      G
               +--------+--------+--------+--------+--------+-----+--------+
         Total |  84017 |  69827 |  14190 |  26074 |  30329 |  55 | 1527.6 |
       Dungeon |  22053 |  17006 |   5047 |   4113 |   9618 |  15 | 1470.2 |
        Temple |     43 |     29 |     14 |      0 |     25 |   1 |   43.0 |
          Lair |   7770 |   6461 |   1309 |   1844 |   3494 |   5 | 1554.0 |
         Swamp |   4075 |   3706 |    369 |   1408 |   1652 |   4 | 1018.8 |
   Spider Nest |   6545 |   6002 |    543 |   2522 |   2396 |   4 | 1636.2 |
  Orcish Mines |   2492 |   1855 |    637 |    533 |    872 |   2 | 1246.0 |
   Elven Halls |   6849 |   6096 |    753 |   2660 |   2181 |   3 | 2283.0 |
        Vaults |  12904 |  10256 |   2648 |   3837 |   4983 |   5 | 2580.8 |
         Crypt |   5007 |   4355 |    652 |   1995 |   1477 |   3 | 1669.0 |
        Depths |   8169 |   7123 |   1046 |   3132 |   2754 |   4 | 2042.2 |
           Zot |   6065 |   4898 |   1167 |   3095 |    494 |   5 | 1213.0 |
        Bazaar |     91 |     91 |      0 |      0 |     64 |   1 |   91.0 |
         Trove |     78 |     78 |      0 |      0 |      2 |   1 |   78.0 |
      Ice Cave |   1383 |   1383 |      0 |    885 |    145 |   1 | 1383.0 |
      Gauntlet |    484 |    484 |      0 |     46 |    170 |   1 |  484.0 |
               +--------+--------+--------+--------+--------+-----+--------+

Top non-repeatable levels by time:
Vaults:4: 3140 daAuts
Vaults:5: 2968 daAuts
   Elf:3: 2814 daAuts
Vaults:2: 2600 daAuts
    D:13: 2377 daAuts
Vaults:3: 2343 daAuts
    D:15: 2291 daAuts
   Zot:5: 2260 daAuts
Depths:3: 2182 daAuts
Depths:4: 2152 daAuts
   Zot:4: 2146 daAuts
Spider:1: 2121 daAuts
Spider:4: 2119 daAuts
   Elf:2: 2056 daAuts
    D:12: 1990 daAuts
